 Dungeon Crawl Stone Soup version 0.30.1-11-g7821555f0a (webtiles) character file.

Game seed: 3892778568682784426

72 PurpleCat the Chopper (level 4, 0/40 HPs)
             Began as a Minotaur Fighter on Nov 8, 2023.
             Slain by a hobgoblin (5 damage)
             ... led by Robin
             ... on level 2 of the Dungeon.
             The game lasted 00:04:44 (947 turns).

PurpleCat the Chopper (Minotaur Fighter)             Turns: 947, Time: 00:04:44

Health: 0/40       AC:  7    Str: 23    XL:     4   Next: 6%
Magic:  3/3        EV:  9    Int:  5    God:
Gold:   39         SH:  4    Dex:  9    Spells: 3/3 levels left

rFire   . . .        a - +0 war axe
rCold   . . .        c - +0 buckler
rNeg    . . .        b - +0 scale mail
rPois   .            (helmet restricted)
rElec   .            (no cloak)
rCorr   .            (no gloves)
SInv    .            (no boots)
Will    .....        (no amulet) Stlth
                     (no ring)
HPRegen 0.26/turn    (no ring)
MPRegen 0.08/turn

%: no passive effects
@: no status effects
A: horns 2, retaliatory headbutt
a: no special abilities


You were on level 2 of the Dungeon.
You visited 1 branch of the dungeon, and saw 2 of its levels.

You collected 39 gold pieces.

Inventory:

Hand Weapons
 a - a +0 war axe (weapon)
Armour
 b - a +0 scale mail (worn)
 c - a +0 buckler (worn)
Scrolls
 e - 2 scrolls of teleportation {unknown}
 g - a scroll of fear {unknown}
 h - a scroll of vulnerability {unknown}
 i - a scroll of enchant armour {unknown}
 k - a scroll of identify {unknown}
 l - a scroll of noise {unknown}
 m - a scroll of immolation {unknown}
Potions
 d - a potion of might
 f - a potion of mutation {unknown}
 j - a potion of curing {unknown}


   Skills:
 - Level 3.9 Fighting
 + Level 4.5 Axes
 - Level 4.0 Armour
 - Level 3.9 Shields


You had 3 spell levels left.
You didn't know any spells.
Your spell library was empty.

Dungeon Overview and Level Annotations

Branches:
Dungeon (2/15)

Altars:

Annotations:
D:2 Robin


Innate Abilities, Weirdness & Mutations

You have a pair of horns on your head.
You reflexively headbutt those who attack you in melee.


Message History

The hobgoblin hits you with a +0 dagger.
You block the goblin's attack.
You slash the hobgoblin!
You kill the hobgoblin!
You completely miss the goblin. You slash the goblin!
You kill the goblin!
The hobgoblin no longer looks unusually strong.
The goblin hits you but does no damage.
Robin roars a battlecry!
The goblins go into a battle-frenzy!
The goblin hits you but does no damage. Robin throws the goblin at you!
The goblin hits you but does no damage.
You have reached level 4!
You feel stronger.
You closely miss the goblin. You hit the goblin.
You kill the goblin!
You barely miss the goblin.
The goblin hits you with a +2 dagger of venom.
You are poisoned.
The goblin hits you with a +0 club.
* * * LOW HITPOINT WARNING * * *
You hit the goblin but do no damage. You closely miss the goblin.
You feel sick.
The hobgoblin no longer looks unusually strong.
The goblin closely misses you. The goblin hits you with a +0 club.
* * * LOW HITPOINT WARNING * * *
You slash the goblin!
You kill the goblin!
You completely miss the goblin.
You feel sick.
Robin roars a battlecry!
The hobgoblin goes into a battle-frenzy!
The goblin barely misses you.
You barely miss the goblin. You headbutt the goblin.
You kill the goblin!
You closely miss the hobgoblin.
You feel sick. The hobgoblin hits you.
* * * LOW HITPOINT WARNING * * *
You feel sick.
You are no longer poisoned.
The hobgoblin hits you.
You die...

.......... #.....##
.......##.#...##.#
......###.....##.# ......
#.....##.# ....#
##.#..##.########.
..................
#..##......####... .#
###.)#........ ..#
#.@.###..... ..
#..#######g###.#...
g...###.....g..gSgg.......
......<..########.....####
........## #.......#
$........S..gg.g#...###
........#####.g.......#
...>....# #...........
........# #..###.#.#....


You could see Robin (fast) and 2 hobgoblins.

Vanquished Creatures
  2 adders (D:2)
  3 dart slugs (D:1)
  2 ball pythons (D:1)
  An endoplasm (D:1)
  3 giant cockroaches (D:1)
  10 goblins
  4 hobgoblins
  2 jackals (D:1)
  A quokka (D:2)
  5 bats
  5 frilled lizards (D:1)
  2 kobolds
  5 rats (D:1)
45 creatures vanquished.

Notes
Turn   | Place    | Note
-------+----------+-------------------------------------------
     0 | D:1      | PurpleCat the Minotaur Fighter began the quest for the Orb.
     0 | D:1      | Reached XP level 1. HP: 19/19 MP: 0/0
   214 | D:1      | Reached XP level 2. HP: 27/27 MP: 1/1
   720 | D:1      | Reached XP level 3. HP: 33/33 MP: 2/2
   746 | D:1      | Found a faded altar of an unknown god.
   923 | D:2      | Noticed Robin
   943 | D:2      | Reached XP level 4. HP: 16/40 MP: 3/3
   947 | D:2      | Slain by a hobgoblin

Illustrated notes

Levels and vault maps discovered:
D:1:      mrwooster_arrival_statue, layout_loops_ring,
          hellmonk_ecumenical_altar_defaced_shrine
D:2:      layout_rooms, kennysheep_generic_room_16, uniq_robin

Skill      XL: |  1  2  3 |
---------------+----------+-----
Armour         | 4 |  4.0
Axes           | 3 4 |  4.5
Fighting       | |  3.9
Shields        | |  3.9

Action                     |  1- 3 |  4- 6 || total
---------------------------+-------+-------++-------
  Melee: War axe           |   111 |     4 ||   115
         Headbutt          |     7 |     1 ||     8
 Armour: Scale mail        |    71 |       ||    71
  Dodge: Dodged            |    55 |     2 ||    57
  Block: Buckler           |    32 |       ||    32
